 Dungeon Crawl Stone Soup version 0.32-a0-666-ge8a88695a4 (webtiles) character file.

Game seed: 15510922345143524412

11972 gimp the Thaumaturge (level 12, -1/72 HPs)
             Began as a Djinni Ice Elementalist on Mar 9, 2024.
             Was an Elder of Hepliaklqana.
             Hit by a silver javelin thrown by a minotaur (34 damage)
             ... in a Gauntlet.
             The game lasted 00:22:13 (9457 turns).

gimp the Thaumaturge (Djinni Ice Elementalist)      Turns: 9457, Time: 00:22:14

Health: -1/72      AC: 13    Str:  7    XL:     12   Next: 14%
Gold:   1382       EV: 14    Int: 23    God:    Hepliaklqana [****..] SH:  0 Dex: 13

rFire   + + .        a - +1 dagger (elec)
rCold   + . .        (no shield)
rNeg    . . .        o - +2 leather armour {rC+}
rPois   ∞            A - +1 helmet
rElec   .            h - +1 cloak
rCorr   .            (no gloves)
SInv    .            (boots unavailable)
Will    +....        (no amulet)
Stlth   ++           i - ring of protection from cold
HPRegen 0.32/turn    e - +4 ring of protection
MPRegen 0.00/turn

%: no teleportation, infuse magic (-2 HP)
@: flying, studying Invocations
A: reduced essence, sickness immunity, fire resistance 2, cold vulnerability 1,
float, innate caster, HP casting, extra vitality 1
a: Renounce Religion, Recall Ancestor, Ancestor Identity, Transference, Idealise


You were in a Gauntlet.
You worshipped Hepliaklqana.
Hepliaklqana was greatly pleased with you.
You visited 2 branches of the dungeon, and saw 12 of its levels.
You also visited: Bailey and Gauntlet.

You collected 1782 gold pieces.
You spent 400 gold pieces at shops.

Inventory:

Hand Weapons
 a - a +1 dagger of electrocution (weapon)
 p - a +5 dagger
Missiles
 g - 3 throwing nets
 J - a curare-tipped dart
Armour
 h - a +1 cloak (worn)
 o - a +2 leather armour of cold resistance (worn)
 x - +0 steam dragon scales
 A - a +1 helmet (worn)
Jewellery
 e - a +4 ring of protection (right hand)
 i - a ring of protection from cold (left hand)
 H - a ring of fire
 K - the ring "Laimpou" {MP+9 Int+4 Dex+3}
   (You found it in a Gauntlet)

   [ring of magical power]

   Int+4:     It affects your intelligence (+4).
   Dex+3:     It affects your dexterity (+3).
   MP+9:      It affects your magic capacity (+9).
Wands
 b - a wand of flame (14)
 w - a wand of roots (3)
 F - a wand of charming (15)
 L - a wand of acid (4)
Scrolls
 k - a scroll of silence {unknown}
 l - 3 scrolls of teleportation
 m - 2 scrolls of vulnerability
 n - 2 scrolls of enchant armour
 q - 2 scrolls of fear {unknown}
 r - a scroll of enchant weapon {unknown}
 s - 4 scrolls of poison
 v - 2 scrolls of fog
 y - a scroll of blinking
 B - a scroll of immolation {unknown}
 G - a scroll of brand weapon {unknown}
 I - a scroll of revelation
Potions
 c - 3 potions of curing
 d - a potion of haste
 f - 3 potions of invisibility
 j - a potion of lignification
 t - 2 potions of resistance {unknown}
 u - 2 potions of mutation
 z - 8 potions of enlightenment
 C - a potion of ambrosia
 D - a potion of heal wounds
 E - a potion of brilliance


   Skills:
 - Level 5.0 Fighting
 + Level 3.1 Armour
 - Level 7.0 Dodging
 - Level 1.6 Stealth
 * Level 13.3 Spellcasting
 * Level 13.3 Conjurations
 * Level 13.3 Hexes
   Level 0.0 Charms
 * Level 13.3 Summonings
 * Level 13.3 Necromancy
 * Level 13.3 Translocations
   Level 0.0 Transmutations
 * Level 13.3 Fire Magic
 * Level 13.3 Ice Magic
 * Level 13.3 Air Magic
 * Level 13.3 Earth Magic
 * Level 13.3 Alchemy


You knew the following spells:

 Your Spells              Type           Power      Damage    Failure   Level
a - Freeze                Ice            100%       1d10      1%          1
b - Frozen Ramparts       Ice            100%       1d16      1%          3
c - Ozocubu's Armour      Ice            67%        N/A       1%          3
d - Summon Ice Beast      Ice/Summ       67%        N/A       1%          3
e - Kiss of Death         Conj/Necr      100%       2d13      1%          1
f - Blink                 Tloc           100%       N/A       1%          2
g - Teleport Other        Tloc           67%        N/A       1%          3
h - Confusing Touch       Hex            67%        N/A       1%          3
i - Iskenderun's Battles  Conj           67%        2d12      1%          5
Your spell library was empty.

Dungeon Overview and Level Annotations

Branches:
Dungeon (11/15)            Temple (1/1) D:4            Lair (0/5) D:11
 Bailey (visited)         Gauntlet (1/1)
    Orc: D:9-12

Altars:
Ashenzari
Cheibriados
Dithmenos
Elyvilon
Fedhas
Gozag
Hepliaklqana
Makhleb
Nemelex Xobeh
Okawaru
Qazlal
Ru
Trog
Uskayaw
Wu Jian
Xom
Yredelemnul
Zin
The Shining One

Shops:
D:7 :   D:8 !

Annotations:
Gauntlet 6 transporters, 2 runed translucent doors


Innate Abilities, Weirdness & Mutations

Your life essence is reduced to manifest your ancestor. (-10% HP)
You are immune to sickness and miasma.
You are immune to poison.
Your flesh is very heat resistant. (rF++)
You are vulnerable to cold. (rC-)
You float through the air rather than walking.
You learn spells naturally, not from books.
Your magical power is your life essence.
You have superior vitality. (+4 MHP)


Message History

v - 2 scrolls of fog (gained 1)
There is a transporter here.
A hornet is nearby!
Health restored: 72 You pick up a manual of Invocations and begin studying.
Casting: Frozen Ramparts (safe; 1% risk of failure)
Confirm with . or Enter, or press ? or * to list all spells.
Casting: Frozen Ramparts (safe; 1% risk of failure)
Press: ? - help, Dir - look around, f - activate The walls around you are covered in ice.
The wall freezes the hornet.
The hornet stings you.
Lirunk hits the hornet with a +0 flail!
You take 5 damage, and have 67/72 hp.
Casting: Frozen Ramparts (safe; 1% risk of failure)
Confirm with . or Enter, or press ? or * to list all spells.
Aiming: Freeze (safe; 1% risk of failure)
Press: ? - help, Shift-Dir - straight line, f - hornet
Aim: a hornet (heavily wounded, ally target)
You freeze the hornet!
The hornet is severely wounded.
The wall freezes the hornet.
The hornet completely misses you.
The wall freezes the hornet.
The hornet stings you.
You take 3 damage, and have 64/72 hp.
Casting: Freeze (safe; 1% risk of failure)
Confirm with . or Enter, or press ? or * to list all spells.
Aiming: Freeze (safe; 1% risk of failure)
Press: ? - help, Shift-Dir - straight line, f/p - hornet
Aim: a hornet (almost dead, ally target)
You freeze the hornet.
You kill the hornet!
The hell beast gives a hideous shriek!
The frozen ramparts melt away as you move.
There is a transporter here.
Partly explored, unvisited transporter.
Health restored: 72 You swap places.
There is a transporter here.
You enter the transporter and appear at another place.
Unknown command.
Unknown command.
There is a transporter here.
There is a transporter here.
Casting: Freeze (safe; 1% risk of failure)
Confirm with . or Enter, or press ? or * to list all spells.
Okay, then.
Unknown command.
Okay, then.
Unknown command.
Okay, then.
Unknown command.
Unknown command.
Okay, then.
Unknown command.
Unknown command.
Casting: Freeze (safe; 1% risk of failure)
Confirm with . or Enter, or press ? or * to list all spells.
Okay, then.
Unknown command.
You enter the transporter and appear at another place.
The shadow completely misses you.
You swap places.
Lirunk blocks something's attack.
Casting: Freeze (safe; 1% risk of failure)
Confirm with . or Enter, or press ? or * to list all spells.
Casting: Frozen Ramparts (safe; 1% risk of failure)
Press: ? - help, Dir - look around, f - activate
Okay, then.
Casting: Frozen Ramparts (safe; 1% risk of failure)
Confirm with . or Enter, or press ? or * to list all spells.
Okay, then.
Unknown command.
Lirunk misses the shadow.
The shadow hits Lirunk.
You see here 2 potions of invisibility.
f - 3 potions of invisibility (gained 2) Lirunk hits the shadow but does no damage.
The shadow hits Lirunk.
There is a transporter here.
Lirunk blocks the shadow's attack.
You see here the ring "Laimpou" {MP+9 Int+4 Dex+3}.
K - the ring "Laimpou" {MP+9 Int+4 Dex+3} Lirunk hits the shadow with a +0 flail!
The shadow hits Lirunk.
Lirunk hits the shadow with a +0 flail!
Lirunk blocks the shadow's attack.
There is a transporter here.
You enter the transporter and appear at another place.
Lirunk blocks something's attack.
Lirunk is recalled.
You take 2 damage, and have 70/72 hp.
You start resting.
HP restored.
Health restored: 72
Okay, then.
Unknown command.
A minotaur comes into view.
It is wielding a +0 orcbow of electrocution, wearing the +0 plate armour of a Thousand People {*Corrode rElec rPois SInv} and quivering silver javelins.
The minotaur shoots an arrow.
The arrow hits you!!
You are electrocuted!!
You take 41 damage, and have 31/72 hp.
MASSIVE DAMAGE!!
You swap places.
The minotaur throws a silver javelin.
The silver javelin pierces through Lirunk!
The silver javelin pierces through you!!
You die...
Hepliaklqana delivers you to your ancestors.

#≈. #######.
#...##≈. #.ß.#≈≈.
### #...##≈. #..
###### #.ß.###.
#.####..H.# #...##..
#.#.R..##.# #.ß.#...
#..@#### .# #...#.∩.
#.#.# .###.©.#...
#.#.# H#.....#.ß.
#.### .#.#.©.#...
#.# .#.#...#.∩. #.#
.#.#.ß.#... #.####
#.#...##..
#....######.#.ß.###.
####........#...##≈.


You could see the friendly Lirunk the knight and a minotaur.

Vanquished Creatures
  Pikel (D:8)
  An orc knight (Bailey)
  2 hornets (Gauntlet)
  2 shadows (D:11)
  7 yaks (D:9)
  2 vampire mosquitoes (D:6)
  2 steam dragons
  An acid dragon (D:10)
  2 water moccasins (D:6)
  2 orc warriors
  An ice beast (D:5)
  A black bear (D:7)
  3 laughing skulls (Gauntlet)
  A centaur (D:9)
  4 kobold brigands
  3 lemures (D:8)
  A scorpion (D:6)
  3 bullfrogs
  2 wights (D:9)
  2 killer bees (D:10)
  A howler monkey (D:7)
  A jelly (D:8)
  2 bombardier beetles
  3 hounds
  4 orc priests
  2 sleepcaps
  5 orc wizards
  2 iguanas
  14 gnolls
  8 adders
  A shadow imp (D:6)
  2 ufetubi (D:4)
  A ribbon worm (D:3)
  22 orcs
  3 bats
  5 endoplasms
  6 giant cockroaches
  9 hobgoblins
  15 jackals
  5 quokkas
  7 ball pythons (D:1)
  3 frilled lizards
  10 goblins
  33 kobolds
  8 rats
215 creatures vanquished.

Vanquished Creatures (collateral kills)
  2 two-headed ogres
  2 orc knights (Bailey)
  3 komodo dragons
  A hornet (Gauntlet)
  Grinder (D:3)
  4 yaks (D:9)
  2 steam dragons
  Menkaure (D:5)
  An ice beast (D:7)
  6 orc warriors
  A sky beast (D:6)
  3 ogres
  A phantom (D:6)
  3 gnoll sergeants
  2 scorpions
  3 wights (D:9)
  3 killer bees (D:10)
  A hound (D:7)
  A jelly (D:7)
  An orc priest (D:9)
  A sleepcap (D:4)
  An orc wizard (D:9)
  An adder (D:5)
  6 gnolls
  A shadow imp (D:8)
  10 orcs
  A giant cockroach (D:4)
  2 goblins (D:9)
  9 kobolds
74 creatures vanquished.

Vanquished Creatures (others)
  2 ancestors (D:5)
2 creatures vanquished.

Grand Total: 291 creatures vanquished

Notes
Turn   | Place    | Note
-------+----------+-------------------------------------------
     0 | D:1      | gimp the Djinni Ice Elementalist began the quest for the
                  | Orb.
     0 | D:1      | gimp set off with the following spells memorised: Freeze,
                  | Frozen Ramparts, Ozocubu's Armour, Summon Ice Beast.
     0 | D:1      | Reached XP level 1. HP: 15/15 MP: 0/0
    90 | D:1      | Reached XP level 2. HP: 14/22 MP: 0/0
   248 | D:1      | Reached skill level 1 in Fighting
   360 | D:1      | Reached XP level 3. HP: 12/27 MP: 0/0
   360 | D:1      | Learned a level 1 spell: Kiss of Death
  1012 | D:2      | Reached XP level 4. HP: 29/33 MP: 0/0
  1237 | D:2      | Found a glowing golden altar of the Shining One.
  1699 | D:3      | Reached XP level 5. HP: 31/40 MP: 0/0
  1699 | D:3      | Learned a level 2 spell: Blink
  1895 | D:3      | Noticed Grinder
  1914 | D:3      | Paralysed by Grinder for 5 turns
  1915 | D:3      | HP: 2/40 [Grinder (6)]
  1930 | D:3      | Killed Grinder
  1931 | D:3      | Reached skill level 5 in Spellcasting
  1931 | D:3      | Reached skill level 5 in Conjurations
  1931 | D:3      | Reached skill level 5 in Hexes
  1931 | D:3      | Reached skill level 5 in Summonings
  1931 | D:3      | Reached skill level 5 in Necromancy
  1931 | D:3      | Reached skill level 5 in Translocations
  1931 | D:3      | Reached skill level 5 in Fire Magic
  1931 | D:3      | Reached skill level 5 in Ice Magic
  1931 | D:3      | Reached skill level 5 in Air Magic
  1931 | D:3      | Reached skill level 5 in Earth Magic
  1931 | D:3      | Reached skill level 5 in Alchemy
  1931 | D:3      | Reached XP level 6. HP: 13/47 MP: 0/0
  2321 | D:3      | Reached XP level 7. HP: 19/51 MP: 0/0
  2321 | D:3      | Learned a level 3 spell: Teleport Other
  2722 | D:4      | Found a staircase to the Ecumenical Temple.
  2738 | Temple   | Entered the Ecumenical Temple
  2779 | Temple   | Became a worshipper of Hepliaklqana the Forgotten
  2832 | D:4      | Found a shimmering altar of Xom.
  3210 | D:4      | Found a sparkling altar of Nemelex Xobeh.
  3402 | D:4      | Reached XP level 8. HP: 54/58 MP: 0/0
  3449 | D:5      | Entered Level 5 of the Dungeon
  3700 | D:5      | Reached skill level 5 in Fighting
  3741 | D:5      | Reached * piety under Hepliaklqana
  3976 | D:5      | Found a snail-covered altar of Cheibriados.
  4102 | D:5      | Noticed Menkaure
  4112 | D:5      | Killed Menkaure
  4715 | D:6      | Reached XP level 9. HP: 44/58 MP: 0/0
  4715 | D:6      | Learned a level 3 spell: Confusing Touch
  4988 | D:6      | Reached ** piety under Hepliaklqana
  4995 | D:6      | Remembered your ancestor Lirunk as a knight
  5743 | D:7      | Found a glowing golden altar of the Shining One.
  5748 | D:7      | Found a burning altar of Makhleb.
  5751 | D:7      | Found a glowing silver altar of Zin.
  5760 | D:7      | Reached XP level 10. HP: 54/63 MP: 0/0
  5954 | D:7      | Found Xinlon's Book Shop.
  6010 | D:7      | Found a hide-covered altar of Uskayaw.
  6420 | D:8      | Noticed Pikel
  6433 | D:8      | Killed Pikel
  6434 | D:8      | Reached skill level 5 in Dodging
  6434 | D:8      | Reached skill level 10 in Spellcasting
  6434 | D:8      | Reached skill level 10 in Conjurations
  6434 | D:8      | Reached skill level 10 in Hexes
  6434 | D:8      | Reached skill level 10 in Summonings
  6434 | D:8      | Reached skill level 10 in Necromancy
  6434 | D:8      | Reached skill level 10 in Translocations
  6434 | D:8      | Reached skill level 10 in Fire Magic
  6434 | D:8      | Reached skill level 10 in Ice Magic
  6434 | D:8      | Reached skill level 10 in Air Magic
  6434 | D:8      | Reached skill level 10 in Earth Magic
  6434 | D:8      | Reached skill level 10 in Alchemy
  6449 | D:8      | Found Wer Luh's Distillery.
  6452 | D:8      | Bought a potion of ambrosia for 128 gold pieces
  6452 | D:8      | Bought 2 potions of heal wounds for 160 gold pieces
  6452 | D:8      | Bought a potion of brilliance for 64 gold pieces
  6452 | D:8      | Bought a potion of curing for 48 gold pieces
  6533 | D:8      | Noticed a two-headed ogre
  6539 | D:8      | Killed a two-headed ogre
  6593 | D:8      | Reached *** piety under Hepliaklqana
  6740 | D:9      | Found a basalt altar of Yredelemnul.
  6902 | D:9      | Found a flagged portal.
  6918 | D:9      | Reached XP level 11. HP: 46/67 MP: 0/0
  6918 | D:9      | Learned a level 5 spell: Iskenderun's Battlesphere
  6991 | Bailey   | Entered a bailey
  7011 | Bailey   | Noticed an orc knight
  7103 | Bailey   | Noticed an orc knight
  7124 | Bailey   | Killed an orc knight
  7225 | Bailey   | Noticed an orc knight
  7259 | Bailey   | Killed an orc knight
  7285 | Bailey   | Killed an orc knight
  8205 | D:10     | Entered Level 10 of the Dungeon
  8376 | D:10     | Noticed a two-headed ogre
  8380 | D:10     | Reached skill level 1 in Armour
  8385 | D:10     | Killed a two-headed ogre
  8402 | D:10     | Reached **** piety under Hepliaklqana
  8845 | D:11     | Reached XP level 12. HP: 16/72 MP: 0/0
  9030 | D:11     | Found a staircase to the Lair.
  9031 | D:11     | Found a gate leading to a gauntlet.
  9048 | Gauntlet | Entered a Gauntlet
  9048 | Gauntlet | Found a transporter.
  9048 | Gauntlet | Found a transporter.
  9070 | Gauntlet | Found a transporter.
  9076 | Gauntlet | Found a transporter.
  9085 | Gauntlet | Found a transporter.
  9089 | Gauntlet | Found a transporter.
  9100 | Gauntlet | Found a transporter.
  9115 | Gauntlet | Found a runed translucent door.
  9116 | Gauntlet | Found a transporter.
  9116 | Gauntlet | Noticed a hell beast
  9117 | Gauntlet | Found a runed translucent door.
  9120 | Gauntlet | Found a transporter.
  9140 | Gauntlet | Found a transporter.
  9152 | Gauntlet | Found a transporter.
  9156 | Gauntlet | Found a transporter.
  9409 | Gauntlet | Identified the ring "Laimpou" {MP+9 Int+4 Dex+3}
  9452 | Gauntlet | Identified the +0 plate armour of a Thousand People
                  | {*Corrode rElec rPois SInv}
  9452 | Gauntlet | Noticed a minotaur
  9457 | Gauntlet | Hit by a silver javelin thrown by a minotaur

Illustrated notes

Levels and vault maps discovered:
D:1:      shiori_shiawase, layout_loops_ring, minmay_3d_cube
D:2:      layout_rooms, serial_corexii_hall, corexii_hall_statues_t,
          corexii_hall_statues_x, basic_altar
D:3:      layout_basic, uniq_grinder
D:4:      layout_rooms, old_standard_altar, mainiacjoe_overflow_alcove_4,
          minmay_temple_entry_grid, minmay_mini_jars
D:5:      layout_gridville, slow_altar_2, amcnicky_altar_gilded, minivault_27,
          uniq_menkaure
D:6:      layout_gridville
D:7:      layout_rooms, grunt_temple_overflow_open, lemuel_tele_altar,
          serial_shops, shop, roderic_serpentine_path
D:8:      nicolae_cairo_tiling_very_big, layout_cave_pools, serial_shops,
          kennysheep_mini, ebering_dispersal_statue_hall, uniq_pikel
D:9:      layout_basic, mainiacjoe_overflow_24_doors, enter_bailey_5
D:10:     layout_big_octagon
D:11:     layout_long_grid, lair_entry_dummy, gauntlet_entry_generic,
          kennysheep_generic_room_15
Temple:   nicolae_temple_figure_eight
Gauntlet: minmay_gauntlet_77_indecision [minmay_gauntlet_arena_77_museum,
          minmay_gauntlet_arena_77_block_sizes,
          minmay_gauntlet_arena_77_broken_ladder,
          minmay_gauntlet_arena_77_braids, minmay_gauntlet_arena_77_cramped,
          minmay_gauntlet_arena_77_two_paths, dreamdust_gauntlet_exit_labyrinth]

Skill      XL: |  1  2  3  4  5  6  7  8  9 10 11 12 |
---------------+-------------------------------------+-----
Fighting       | 1 2 3 4 5 |  5.0
Spellcasting   | 4 5 6 8 9 11 13 | 13.3
Conjurations   | 4 5 6 8 9 11 13 | 13.3
Hexes          | 4 5 6 8 9 11 13 | 13.3
Summonings     | 4 5 6 8 9 11 13 | 13.3
Necromancy     | 4 5 6 8 9 11 13 | 13.3
Translocations | 4 5 6 8 9 11 13 | 13.3
Fire Magic     | 4 5 6 8 9 11 13 | 13.3
Ice Magic      | 4 5 6 8 9 11 13 | 13.3
Air Magic      | 4 5 6 8 9 11 13 | 13.3
Earth Magic    | 4 5 6 8 9 11 13 | 13.3
Alchemy        | 4 5 6 8 9 11 13 | 13.3
Dodging        | 4 7 |  7.0
Armour         | 2 3 |  3.1
Stealth        | |  1.6

Action                     |  1- 3 |  4- 6 |  7- 9 | 10-12 || total
---------------------------+-------+-------+-------+-------++-------
  Melee: Dagger            |       |    13 |    42 |    20 ||    75
   Cast: Freeze            |    57 |    43 |   105 |   101 ||   306
         Frozen Ramparts   |       |     6 |    16 |    27 ||    49
         Summon Ice Beast  |       |     4 |    11 |    15 ||    30
         Ozocubu's Armour  |       |       |     4 |     2 ||     6
 Invoke: Ancestor Life: Kn |       |       |     1 |       ||     1
         Recall Ancestor   |       |       |       |     3 ||     3
  Evoke: Wand              |       |       |       |     3 ||     3
    Use: Potion            |       |     1 |       |     2 ||     3
         Scroll            |       |       |    11 |     6 ||    17
   Stab: Sleeping          |       |     3 |     1 |       ||     4
         Distracted        |       |       |     1 |       ||     1
 Armour: Robe              |    17 |    23 |    15 |       ||    55
         Leather armour    |       |       |   104 |   100 ||   204
         Skin              |       |       |       |    14 ||    14
  Dodge: Dodged            |    32 |    25 |    70 |   102 ||   229

Table legend: (Time is in decaauts)
 A = Elapsed time spent in this place.
 B = Non-inter-level travel time spent in this place.
 C = Inter-level travel time spent in this place.
 D = Time resting spent in this place.
 E = Time spent auto-exploring this place.
 F = Levels seen in this place.
 G = Mean time per level.
                   A        B        C        D        E       F      G
               +--------+--------+--------+--------+--------+-----+--------+
         Total |   9448 |   9158 |    290 |    180 |   6882 |  14 |  674.9 |
       Dungeon |   8597 |   8385 |    212 |    177 |   6542 |  11 |  781.5 |
        Temple |     80 |      2 |     78 |      0 |      0 |   1 |   80.0 |
        Bailey |    361 |    361 |      0 |      0 |    122 |   1 |  361.0 |
      Gauntlet |    408 |    408 |      0 |      3 |    218 |   1 |  408.0 |
               +--------+--------+--------+--------+--------+-----+--------+

Top non-repeatable levels by time:
     D:5: 1134 daAuts
     D:9: 1107 daAuts
     D:1: 1004 daAuts
     D:3: 960 daAuts
     D:4: 773 daAuts
     D:6: 747 daAuts
     D:7: 729 daAuts
     D:8: 672 daAuts
     D:2: 625 daAuts
    D:10: 620 daAuts
Gauntlet: 408 daAuts
  Bailey: 361 daAuts
    D:11: 221 daAuts
  Temple: 80 daAuts
